Match 36029048
Unlisted

Match 36029048
End
Kradschützen Motorcycle Team
Selects Armored Support Battlegroup
Panzergrenadier Squad
Panzergrenadier Squad
Panzergrenadier Squad
Construct Light Support Kompanie
MG34 Team
Selects Salvage Kits
Selects Veteran Gunners
Fire Support Elements
Pak 38 Mechanized Group
2.5-tonne Medical Truck
Panzergrenadier Squad
Veteran Squad Leaders
Construct Panzerarmee Kommand
Walking Stuka Rocket Launcher
Armored Reserves
Selects Panzer Storm
Selects Stuka Anti-tank Loiter
StuG Assault Group
Stuka Anti-tank Loiter
Emergency Repair Kits
Tiger Heavy Tank
Flak 36 Anti-tank Gun Team
Stuka Anti-tank Loiter
JLODGE
Ѧℓρɦɚ
Jamoro
ArmouredTopHat
Maverick
Shadow the Cat
0
0

Comments sign in to comment!

No comments posted yet!